 Dungeon Crawl Stone Soup version 0.13.0 (webtiles) character file.

237 Narretz the Charmwright (level 4, -5/36 HPs)
             Began as a Demigod Skald on Oct 12, 2013.
             Slain by Grinder (6 damage)
             ... while paralysed by Grinder
             ... on Level 4 of the Dungeon.
             The game lasted 00:29:22 (2306 turns).

Narretz the Charmwright (Demigod Skald)             Turns: 2306, Time: 00:29:23

HP  -5/36        AC  4     Str 15      XL: 4   Next: 60%
MP  21/21        EV  2     Int 18      God:
Gold 107         SH  0     Dex 16      Spells:  1 memorised,  6 levels left

Res.Fire  : . . .   See Invis. : .   w - +2,+3 long sword
Res.Cold  : . . .   Warding    : .   b - +0 leather armour
Life Prot.: . . .   Conserve   : .   p - +0 shield
Res.Poison: .       Res.Corr.  : .   (no helmet)
Res.Elec. : .       Clarity    : .   g - +0 cloak
Sust.Abil.: . .     Spirit.Shd : .   (no gloves)
Res.Mut.  : .       Stasis     : .   (no boots)
Res.Rott. : .       Flight     : .   (no amulet)
Saprovore : . . .                    (no ring)
                                     s - ring of magical power

@: paralysed, slightly resistant to hostile enchantments, unstealthy
A: no striking features
a: no special abilities


You were on level 4 of the Dungeon.
You were hungry.

You visited 1 branch of the dungeon, and saw 4 of its levels.

You collected 87 gold pieces.

Inventory:

Hand weapons
 a - a +0,+0 falchion
 j - a +2,+0 elven short sword
 w - a +2,+3 long sword (weapon)
Missiles
 l - 45 darts (quivered)
 o - 14 exploding darts
Armour
 b - a +0 leather armour (worn)
 g - a +0 cloak (worn)
 p - a +0 shield (worn)
 I - a +1 ring mail
Magical devices
 B - a wand of enslavement (7) {unknown}
 C - a wand of cold (10) {unknown}
 H - a wand of digging (18) {unknown}
Comestibles
 d - 5 bread rations
 m - 2 meat rations
 u - a choko
Scrolls
 e - a scroll of curse armour {unknown}
 k - 2 scrolls of identify
 n - 2 scrolls of amnesia {unknown}
 q - 3 scrolls of remove curse {unknown}
 r - a scroll of noise {unknown}
 x - a scroll of fear {unknown}
 y - a scroll of curse jewellery {unknown}
 A - 2 scrolls of enchant weapon I {unknown}
Jewellery
 s - a ring of magical power (left hand)
Potions
 f - a potion of degeneration {unknown}
 h - 2 potions of slowing {unknown}
 i - a potion of speed {unknown}
 t - a potion of heal wounds {unknown}
 v - 2 potions of flight {unknown}
 G - a potion of might {unknown}
Books
 c - a book of Battle

   Spells                             Type                      Level
   *Infusion                          Charms                       1
   Shroud of Golubria                 Charms/Translocation         2
   Song of Slaying                    Charms                       2
   Spectral Weapon                    Hexes/Charms                 3
   Regeneration                       Charms/Necromancy            3
   Song of Shielding                  Charms                       4


   Skills:
 + Level 2.1 Fighting
 + Level 2.5 Long Blades
 + Level 1.0 Throwing
 + Level 1.4 Armour
 + Level 2.0 Dodging
 + Level 0.2 Stealth
 + Level 0.5 Shields
 + Level 2.1 Spellcasting
 + Level 3.2 Charms


You had 6 spell levels left.
You knew the following spells:

 Your Spells              Type           Power        Failure   Level  Hunger
a - Infusion              Chrm           ##....       41%         1    #......


Dungeon Overview and Level Annotations

Branches:
Dungeon (4/27)
 Temple: D:4-7

Annotations:
D:4 Grinder


Message History

You throw a dart. The dart hits Grinder.
Grinder is heavily wounded.
Grinder gestures.
Grinder blinks!
Throwing (i - inventory. (,) - cycle):
l - 46 darts (quivered)
Press: ? - help, Shift-Dir - straight line, f/p - Grinder
Aim: Grinder (heavily wounded)
You throw a dart. The dart misses Grinder.
You closely miss Grinder.
Grinder is heavily wounded.
Grinder gestures at you.
You suddenly lose the ability to move!
Grinder hits you.
You writhe in agony.
Grinder says, "There's only one good use for a tongue: cutting it out."
Grinder hits you.
* * * LOW HITPOINT WARNING * * *
You writhe in agony.
* * * LOW HITPOINT WARNING * * *
Grinder hits you but does no damage. Grinder hits you.
You die...

... ..####
.....##########
#.##.##.5(..((..
#.##.##@#
#.##.##.#
#.##.##.#
#.##.##.##
#<##.....######
#...............
#####.....#####
#.#.#.# #.#...#


You could see Grinder.

Vanquished Creatures
  6 adders
  A giant mite (D:2)
  A worm (D:3)
  2 giant geckos
  An ooze (D:1)
  A ball python (D:1)
  A bat skeleton (D:3)
  2 giant cockroaches
  10 goblins
  6 hobgoblins
  5 jackals
  6 kobolds
  2 quokkas
  9 bats
  2 giant newts (D:2)
  7 rats
62 creatures vanquished.

Notes
Turn   | Place    | Note
--------------------------------------------------------------
     0 | D:1      | Narretz, the Demigod Skald, began the quest for the Orb.
     0 | D:1      | Reached XP level 1. HP: 16/16 MP: 5/5
   152 | D:1      | Reached skill level 1 in Dodging
   243 | D:1      | Reached XP level 2. HP: 15/23 MP: 4/6
   461 | D:1      | Reached skill level 3 in Charms
   910 | D:2      | Reached XP level 3. HP: 25/28 MP: 6/9
   925 | D:2      | Reached skill level 1 in Armour
  1049 | D:2      | Found a radiant altar of Vehumet.
  1612 | D:3      | Reached XP level 4. HP: 25/36 MP: 12/12
  1737 | D:3      | Reached skill level 1 in Throwing
  2295 | D:4      | Noticed Grinder
  2303 | D:4      | Paralysed by Grinder for 6 turns
  2304 | D:4      | HP: 1/36 [Grinder (5)]
  2306 | D:4      | Slain by Grinder

Action                   |  1- 3 |  4- 6 || total
-------------------------+-------+-------++-------
Melee: Falchion          |    97 |       ||    97
       Long sword        |    39 |    48 ||    87
Throw: Stone             |    22 |       ||    22
       Dart              |     2 |    19 ||    21
 Cast: Infusion          |    10 |     4 ||    14
  Use: Scroll            |     1 |       ||     1
